 Dungeon Crawl Stone Soup version 0.30.1-11-g7821555f0a (webtiles) character file.

Game seed: 13370059541889986738

766 SacredBeard the Shooter (level 7, -1/61 HPs)
             Began as a Demigod Hunter on Nov 5, 2023.
             Succumbed to a water moccasin's poison
             ... on level 6 of the Dungeon.
             The game lasted 00:08:55 (3319 turns).

SacredBeard the Shooter (Demigod Hunter)            Turns: 3319, Time: 00:08:56

Health: -1/61      AC:  6    Str: 12    XL:     7   Next: 27%
Magic:  9/9        EV: 12    Int: 11    God:
Gold:   289        SH:  0    Dex: 25    Spells: 6/6 levels left

rFire   . . .        a - +0 shortbow
rCold   . . .        (shield currently unavailable)
rNeg    . . .        c - +0 leather armour
rPois   .            (no helmet)
rElec   .            y - +0 cloak
rCorr   .            (no gloves)
SInv    .            r - +1 pair of boots
Will    .....        (no amulet)
Stlth   +++          x - ring of flight
HPRegen 0.30/turn    (no ring)
MPRegen 0.11/turn

%: no passive effects
@: lethally poisoned (-1 -> -16), flying
A: high MP 1, forlorn, divine attributes
a: no special abilities


You were on level 6 of the Dungeon.
You visited 1 branch of the dungeon, and saw 6 of its levels.

You collected 289 gold pieces.

Inventory:

Hand Weapons
 a - a +0 shortbow (weapon)
 f - a +0 dagger
 g - a +0 long sword
Missiles
 h - 6 curare-tipped darts
 j - 8 boomerangs
 q - 3 atropa-tipped darts
Armour
 c - a +0 leather armour (worn)
 k - a +0 plate armour
 r - a +1 pair of boots (worn)
 y - a +0 cloak (worn)
Jewellery
 x - a ring of flight (left hand)
Wands
 u - a wand of acid (24)
Scrolls
 b - 2 scrolls of immolation
 d - a scroll of enchant weapon {unknown}
 e - 2 scrolls of noise {unknown}
 l - 2 scrolls of identify {unknown}
 n - 3 scrolls of enchant armour {unknown}
 o - 4 scrolls of teleportation {unknown}
 v - a scroll of summoning {unknown}
 w - a scroll of brand weapon {unknown}
Potions
 i - 6 potions of curing {unknown}
 m - a potion of ambrosia {unknown}
 p - a potion of heal wounds {unknown}
 s - 2 potions of lignification {unknown}
 t - a potion of degeneration {unknown}


   Skills:
 * Level 5.0 Fighting
 - Level 5.0 Ranged Weapons
 - Level 2.0 Throwing
 + Level 2.0 Armour
 + Level 2.0 Dodging
 - Level 3.0 Stealth
 - Level 2.0 Evocations


You had 6 spell levels left.
You didn't know any spells.
Your spell library contained the following spells:

 Spells                   Type           Power      Damage    Failure   Level
 Frozen Ramparts          Ice            0%         1d1       80%         3
 Ozocubu's Armour         Ice            0%         N/A       80%         3
 Ice Form                 Ice/Tmut       0%         N/A       99%         4
 Summon Ice Beast         Ice/Summ       0%         N/A       99%         4
 Ozocubu's Refrigeration  Ice            0%         4d7       100%        7


Dungeon Overview and Level Annotations

Branches:
Dungeon (6/15) Zot: 26930
 Temple: D:4-7


Innate Abilities, Weirdness & Mutations

You have an increased reservoir of magic. (+10% MP)
You shall have no god before yourself.
Your divine heritage dramatically boosts your attributes as you level up.


Message History

You shoot an arrow.
The arrow hits the phantom but does no damage.
The phantom is severely damaged.
You feel sick. The phantom barely misses you.
You shoot an arrow. The arrow hits the phantom!
You destroy the phantom!
You feel sick.
You are no longer poisoned.
The water moccasin bites you.
Training target 2.0 for Armour reached!
Training target 2.0 for Evocations reached!
Your Armour skill increases to level 2!
Your Evocations skill increases to level 2!
You need to enable at least one skill for training.
The water moccasin attacks as you move away!
The water moccasin bites you.
You are poisoned.
The water moccasin poisons you!
You feel very sick.
You feel sick. The water moccasin bites you.
You are more poisoned.
The water moccasin poisons you!
You feel very sick.
You feel very sick.
You feel very sick.
A howler monkey comes into view.
The water moccasin misses you.
The water moccasin attacks as you move away!
The water moccasin bites you but does no damage.
You feel sick.
You feel sick.
The howler monkey howls!
The water moccasin bites you.
* * * LOW HITPOINT WARNING * * *
The water moccasin attacks as you move away!
The water moccasin bites you!
* * * LOW HITPOINT WARNING * * *
You are more poisoned.
The water moccasin poisons you!
You die...

####
.#############..##
.................#
........<@.S.K..##
.......)....##..#
............##..#
...........###..#
...........# ##.#
.....h....## #.#
.........## #K# .
#........# #K# #.
##......##
###K##### ..


You could see a water moccasin, a kobold brigand and a howler monkey.

Vanquished Creatures
  A black bear (D:4)
  A phantom (D:6)
  Blork the orc (D:6)
  2 scorpions
  2 jellies (D:4)
  A gnoll bouda (D:5)
  An orc priest (D:5)
  Jessica (D:2)
  2 orc wizards
  6 gnolls
  5 adders
  A white imp (D:3)
  An ufetubus (D:5)
  A worm (D:2)
  A dart slug (D:2)
  14 orcs
  6 bats
  4 endoplasms
  4 giant cockroaches
  4 goblins
  6 hobgoblins
  8 jackals
  8 quokkas
  10 ball pythons
  2 frilled lizards (D:2)
  9 kobolds
  3 rats
105 creatures vanquished.

Notes
Turn   | Place    | Note
-------+----------+-------------------------------------------
     0 | D:1      | SacredBeard the Demigod Hunter began the quest for the Orb.
     0 | D:1      | Reached XP level 1. HP: 17/17 MP: 3/3
   108 | D:1      | Reached skill level 1 in Stealth
   113 | D:1      | You fall into a shaft and drop 1 floor!
   183 | D:1      | Reached XP level 2. HP: 24/24 MP: 4/4
   379 | D:1      | Reached XP level 3. HP: 29/29 MP: 5/5
   657 | D:2      | Noticed Jessica
   660 | D:2      | Killed Jessica
   816 | D:2      | Reached XP level 4. HP: 37/37 MP: 6/6
   890 | D:2      | Reached skill level 1 in Throwing
  1708 | D:3      | Reached XP level 5. HP: 44/45 MP: 7/7
  2100 | D:4      | Noticed a black bear
  2107 | D:4      | Killed a black bear
  2318 | D:4      | Reached XP level 6. HP: 37/52 MP: 8/8
  2400 | D:4      | Reached skill level 5 in Ranged Weapons
  2609 | D:5      | Entered Level 5 of the Dungeon
  2901 | D:5      | Reached skill level 1 in Armour
  2901 | D:5      | Reached skill level 1 in Evocations
  2969 | D:5      | Reached XP level 7. HP: 47/60 MP: 9/9
  3255 | D:6      | Noticed Blork the orc
  3263 | D:6      | Killed Blork the orc
  3264 | D:6      | Reached skill level 5 in Fighting
  3319 | D:6      | HP: 3/61 [water moccasin (8)]
  3319 | D:6      | Succumbed to a water moccasin's poison

Illustrated notes

Levels and vault maps discovered:
D:1:      dpeg_arrival_renting, layout_basic
D:2:      layout_basic, uniq_jessica
D:3:      layout_loops_ring, grunt_qazlal_clouds, lemuel_crystal_altar
D:4:      layout_cave_pools, kennysheep_mini_moat, minivault_26
D:5:      layout_rooms, mainiacjoe_overflow_concentric_impassable,
          overflow_temple_1_default
D:6:      minmay_flawed_box, layout_cave_pods, serial_column_ruins,
          column_ruins_hut_pillars, column_ruins_columns_straight,
          column_ruins_grid_2, column_ruins_open_tiny,
          column_ruins_corridor_dead_end, column_ruins_open_small,
          column_ruins_open_tiny, minivault_26, uniq_blork_the_orc

Skill      XL: |  1  2  3  4  5  6  7 |
---------------+----------------------+-----
Stealth        | 1 2 3 |  3.0
Fighting       | 2 3 4 5 |  5.0
Dodging        | 2 |  2.0
Ranged Weapons | 4 5 |  5.0
Throwing       | 1 2 |  2.0
Armour         | 1 2 |  2.0
Evocations     | 1 2 |  2.0

Action                     |  1- 3 |  4- 6 |  7- 9 || total
---------------------------+-------+-------+-------++-------
   Fire: Shortbow          |    96 |   214 |    23 ||   333
 Armour: Leather armour    |    11 |    24 |     4 ||    39
  Dodge: Dodged            |    31 |    59 |    10 ||   100
